 Dungeon Crawl Stone Soup version 0.23-a0-32-g1388f29 (webtiles) character file.

1271 tilp the Poker (level 8, -5/90 HPs)
             Began as a Merfolk Ice Elementalist on Aug 4, 2018.
             Killed from afar by an orc wizard (11 damage)
             ... with a puff of frost
             ... on level 6 of the Dungeon.
             The game lasted 00:20:07 (6402 turns).

tilp the Poker (Merfolk Ice Elementalist)           Turns: 6402, Time: 00:20:07

Health: -5/90      AC:  5    Str: 13    XL:     8   Next: 53%
Magic:  8/14       EV: 15    Int: 17    God:
Gold:   331        SH:  0    Dex: 14    Spells: 9/15 levels left

rFire    . . .     SeeInvis .   B - +0 war axe (venom)
rCold    . . .     Gourm    .   (no shield)
rNeg     . . .     Faith    .   a - +0 robe
rPois    .         Spirit   .   j - +0 helmet
rElec    .         Reflect  .   (no cloak)
rCorr    .         Harm     .   (no gloves)
MR       .....                  w - +1 pair of boots
Stlth    ..........             o - amulet of regeneration
HPRegen  0.65/turn              (no ring)
MPRegen  0.14/turn              (no ring)

@: berserking (expiring), very quick
A: change form in water, swift swim, stealthy swim
a: no special abilities


You were on level 6 of the Dungeon.
You were hungry.

You visited 2 branches of the dungeon, and saw 7 of its levels.

You collected 331 gold pieces.

Inventory:

Hand Weapons
 k - a +0 spear
 u - a +0 halberd
 B - a +0 war axe of venom (weapon)
Missiles
 h - 7 javelins
 p - 23 tomahawks
 A - 3 poisoned tomahawks (quivered)
Armour
 a - a +0 robe (worn)
 j - a +0 helmet (worn)
 w - a +1 pair of boots (worn)
Jewellery
 o - an amulet of regeneration (around neck)
 r - an uncursed amulet of the gourmand
 z - an uncursed amulet of magic regeneration
Scrolls
 b - 2 scrolls of amnesia
 f - 4 scrolls of teleportation
 l - a scroll of magic mapping {unknown}
 m - 2 scrolls of remove curse
 n - 2 scrolls of enchant weapon {unknown}
 s - 2 scrolls of enchant armour {unknown}
 t - 2 scrolls of immolation
Potions
 d - 2 potions of lignification
 i - 2 potions of mutation
 q - a potion of cancellation
 x - a potion of brilliance
Comestibles
 c - 9 rations


   Skills:
 - Level 4.0 Fighting
 * Level 7.9 Polearms
 + Level 5.9 Dodging
 - Level 2.1 Stealth
 - Level 4.0 Spellcasting
 + Level 1.0 Conjurations
 + Level 0.5 Charms
 - Level 6.0 Ice Magic


You had 9 spell levels left.
You knew the following spells:

 Your Spells              Type           Power        Failure   Level  Hunger
a - Freeze                Ice            ###.         1%          1    None
b - Throw Frost           Conj/Ice       ###...       5%          2    ##.....
c - Ozocubu's Armour      Chrm/Ice       ##......     12%         3    ###....

Your spell library contained the following spells:

 Spells                   Type           Power        Failure   Level  Hunger
 Apportation              Tloc           #.....       16%         1    None
 Summon Small Mammal      Summ           #...         16%         1    None
 Animate Dead             Necr           N/A          83%         4    ####...
 Pain                     Necr           #...         16%         1    None
 Animate Skeleton         Necr           N/A          16%         1    None
 Vampiric Draining        Necr           #.........   43%         3    ###....
 Summon Ice Beast         Ice/Summ       ##......     41%         4    ####...
 Regeneration             Chrm/Necr      #.........   38%         3    ###....
 Throw Icicle             Conj/Ice       ###.....     36%         4    ####...
 Confusing Touch          Hex            #.....       16%         1    None


Dungeon Overview and Level Annotations

Branches:
Dungeon (6/15)             Temple (1/1) D:4

Altars:
Ashenzari
Cheibriados
Dithmenos
Gozag
Hepliaklqana
Nemelex Xobeh
Okawaru
Qazlal
Sif Muna
Trog
Uskayaw
Vehumet
Wu Jian
Xom
Yredelemnul
Zin
The Shining One

Annotations:
D:5 Blork the orc, Sigmund


Message History

Items here: )))) [[ ††† The orc warrior throws a tomahawk of returning.
The tomahawk of returning closely misses you.
You see here a tomahawk of returning.
The orc wizard gestures wildly while chanting.
The orc wizard seems to speed up.
The orc wizard gestures at you while chanting.
The puff of frost hits you!
* * * LOW HITPOINT WARNING * * *
The orc warrior throws a tomahawk of returning.
The tomahawk of returning hits you.
* * * LOW HITPOINT WARNING * * *
The weapon returns to the orc warrior!
A red film seems to cover your vision as you go berserk!
You feel yourself moving faster!
You feel mighty!
You feel a strong urge to attack something.
You feel your anger nearly subside.
The orc wizard points at you and mumbles some strange words.
The puff of frost hits you!
You die...

# . #.## ###.###.......... #.
..#... ##.##..##....... #.##
......######..#......###...
#...####.......##.#...##### #...
...o...####..#......#[....# #...
. #.Z#.#####.#.............##...
.####.Zo...##................#...
.....##.##.##................#...
.....##.##...#..@..<.........#.#.
..$..##)####.o.................##
..........o(.................####
.....##.##...................##..
.....##.#........................
..##.......................####..
.. ........###.##.###.....#####..
. ........# #.# ... ...........#
.........# #.. .........#######


You could see an orc warrior and an orc wizard.

Vanquished Creatures
  Eustachio (D:5)
  An orc warrior (D:5)
  An ogre (D:5)
  2 crimson imps
  2 hounds
  6 orc priests
  A jelly (D:5)
  9 orc wizards
  2 worker ants (D:5)
  A hound skeleton (D:3)
  A worker ant zombie (D:5)
  3 gnolls (D:3)
  10 adders
  An ooze (D:4)
  7 adder skeletons
  2 worms
  3 dart slugs
  4 leopard geckos
  24 orcs
  10 bats
  6 giant cockroaches
  10 goblins
  13 hobgoblins
  5 jackals
  3 quokkas
  2 ball pythons
  A ball python skeleton (D:4)
  7 frilled lizards
  4 kobolds
  A leopard gecko zombie (D:3)
  4 rats
147 creatures vanquished.

Notes
Turn   | Place    | Note
-------+----------+-------------------------------------------
     0 | D:1      | tilp the Merfolk Ice Elementalist began the quest for the Orb.
     0 | D:1      | Reached XP level 1. HP: 13/13 MP: 3/3
   185 | D:1      | Reached XP level 2. HP: 19/19 MP: 5/5
   192 | D:1      | Learned a level 2 spell: Throw Frost
   599 | D:1      | Reached XP level 3. HP: 24/24 MP: 4/6
   604 | D:1      | Learned a level 3 spell: Ozocubu's Armour
  1228 | D:2      | Reached skill level 5 in Ice Magic
  1490 | D:2      | Reached XP level 4. HP: 30/30 MP: 4/7
  1935 | D:3      | Noticed a phantom
  2131 | D:3      | Reached XP level 5. HP: 35/35 MP: 2/8
  2192 | D:3      | Reached skill level 1 in Polearms
  2739 | D:3      | Found a hide-covered altar of Uskayaw.
  2743 | D:3      | Noticed a hand axe
  2744 | D:3      | Noticed a dagger
  2807 | D:3      | Found a shadowy altar of Dithmenos.
  2825 | D:3      | Reached skill level 1 in Fighting
  2847 | D:3      | Reached skill level 2 in Polearms
  3134 | D:4      | Found a stormy altar of Qazlal.
  3135 | D:4      | Noticed a fire elemental
  3148 | D:4      | Reached XP level 6. HP: 43/43 MP: 3/9
  3429 | D:4      | Noticed a water elemental
  3429 | D:4      | Noticed an air elemental
  3547 | D:4      | Reached skill level 3 in Polearms
  3930 | D:4      | Reached skill level 4 in Polearms
  4000 | D:4      | Found a staircase to the Ecumenical Temple.
  4047 | D:4      | Reached XP level 7. HP: 50/50 MP: 11/11
  4337 | D:5      | Entered Level 5 of the Dungeon
  4476 | D:5      | Noticed Sigmund
  4509 | D:5      | Found a basalt altar of Yredelemnul.
  4518 | D:5      | Reached skill level 5 in Polearms
  4590 | D:5      | Noticed Eustachio
  4628 | D:5      | Killed Eustachio
  4819 | D:5      | Reached skill level 6 in Polearms
  4865 | D:5      | Reached skill level 5 in Dodging
  4897 | D:5      | Found a snail-covered altar of Cheibriados.
  4898 | D:5      | Noticed Blork the orc
  4982 | D:5      | Reached XP level 8. HP: 58/58 MP: 3/13
  5117 | D:5      | Reached skill level 7 in Polearms
  5442 | Temple   | Entered the Ecumenical Temple
  6272 | D:6      | Found an ornate altar of the Wu Jian Council.
  6391 | D:6      | Reached skill level 1 in Conjurations
  6398 | D:6      | HP: 3/60 [orc warrior/tomahawk of returning (4)]
  6402 | D:6      | Killed from afar by an orc wizard

Vault maps used:
D:1:      scummos_arrival_checkerplants, minmay_surrounded
D:2:      cheibrodos_greedy_goblins
D:3:      dancing_weapons_uskayaw, grunt_dithmenos_smoke_and_mirrors,
          serial_undead, serial_undead_a, serial_undead_f, serial_undead_f,
          serial_undead_b
D:4:      nicolae_qazlal_style_of_elements, minmay_temple_entry_from_below_a,
          first_ration
D:5:      old_standard_altar, kennysheep_slug_shrine, grunt_ministairs_9,
          minmay_misc_feat_tower, uniq_blork_the_orc, uniq_sigmund,
          uniq_eustachio
D:6:      lemuel_doored_altar
Temple:   chequers_temple_sunken

Skill      XL: |  1  2  3  4  5  6  7  8 |
---------------+-------------------------+-----
Ice Magic      | 4 5 6 |  6.0
Polearms       | 2 4 6 7 |  7.9
Dodging        | 3 4 5 |  5.9
Fighting       | 1 2 3 4 |  4.0
Spellcasting   | 3 4 |  4.0
Conjurations   | 1 |  1.0
Stealth        | |  2.1
Charms         | |  0.5

Action                   |  1- 3 |  4- 6 |  7- 9 || total
-------------------------+-------+-------+-------++-------
Melee: Dagger            |    12 |   139 |       ||   151
       War axe           |       |    49 |   149 ||   198
Throw: Stone             |     2 |       |       ||     2
       Tomahawk          |       |     7 |     1 ||     8
 Cast: Freeze            |    44 |    62 |    27 ||   133
       Throw Frost       |     3 |    16 |    14 ||    33
       Ozocubu's Armour  |     1 |    12 |     9 ||    22
  Use: Scroll            |     2 |     8 |     2 ||    12
       Potion            |       |       |     1 ||     1
 Stab: Sleeping          |     3 |     5 |     3 ||    11
  Eat: Chunk             |     3 |    12 |     8 ||    23
Armor: Robe              |    10 |    58 |    69 ||   137
Dodge: Dodged            |    21 |   139 |   151 ||   311

Table legend:
 A = Spawn XP
 B = Non-spawn XP
 C = Spawn XP percentage of total XP
 D = Spawn monster count
 E = Non-spawn monster count
 F = Spawn count percentage of total count
 G = Total turns spent on level
                    A         B        C        D         E        F      G
               +---------+---------+-------+---------+---------+-------+---------
         Total |       0 |    1816 |   0.0 |       0 |     147 |   0.0 |  6402
               +---------+---------+-------+---------+---------+-------+---------
           D:1 |       0 |      40 |   0.0 |       0 |      20 |   0.0 |   830
           D:2 |       0 |      58 |   0.0 |       0 |      24 |   0.0 |   892
           D:3 |       0 |     198 |   0.0 |       0 |      32 |   0.0 |  1329
           D:4 |       0 |     391 |   0.0 |       0 |      36 |   0.0 |  1307
           D:5 |       0 |     955 |   0.0 |       0 |      27 |   0.0 |  1281
           D:6 |       0 |     174 |   0.0 |       0 |       8 |   0.0 |   223
               +---------+---------+-------+---------+---------+-------+---------
